MID
BINGHAMTON METS @ FORT WAYNE TINCAPS
06/06/2049
 
TOP OF THE 1ST
Binghamton Mets batting - Pitching for Fort Wayne TinCaps : LHP Juan Ramirez
Pitching: LHP Juan Ramirez
Batting: SHB Tyler Maddux 0-0: Called Strike
0-1: Ball
1-1: Swinging Strike
1-2: SINGLE (Groundball, 25, EV 63.8 MPH) (infield hit)
Batting: SHB Nick Daigle 0-0: 2-RUN HOME RUN (Flyball, 9LD, EV 102.5 MPH), Distance : 405 ft
Batting: RHB Oscar Bravo 0-0: Called Strike
0-1: Foul Ball, location: 2F
0-2: Foul Ball, location: 2F
0-2: Foul Ball, location: 2F
0-2: Fly out, F9 (Flyball, 89S, EV 85.6 MPH)
Batting: RHB Enrique Aguirre 0-0: Called Strike
0-1: Swinging Strike
0-2: Strikes out swinging
Batting: RHB Sam Callahan 0-0: Called Strike
0-1: Ground out 4-3 (Groundball, 34D, EV 81.2 MPH)
Top of the 1st over - 2 runs, 2 hits, 0 errors, 0 left on base; Binghamton 2 - Fort Wayne 0
BOTTOM OF THE 1ST
Fort Wayne TinCaps batting - Pitching for Binghamton Mets : LHP David Salcido
Pitching: LHP David Salcido
Batting: RHB Cesar Ortega 0-0: Ball
1-0: Foul Ball, location: 2F
1-1: Foul Ball, location: 2F
1-2: Foul Ball, location: 2F
1-2: Ground out 6-3 (Groundball, 6M, EV 105.0 MPH)
Batting: RHB John Freeman 0-0: Ground out 6-3 (Groundball, 56, EV 83.8 MPH)
Batting: RHB Jim Miske 0-0: Ball
1-0: Swinging Strike
1-1: Foul Ball, location: 2F
1-2: SINGLE (Groundball, 6, EV 96.9 MPH)
Batting: RHB Danny Krug 0-0: Ball
1-0: Foul Ball, location: 2F
1-1: Ball
2-1: Foul Ball, location: 2F
2-2: SINGLE (Groundball, 6M, EV 106.9 MPH) (infield hit)
Jim Miske to second
Batting: RHB Dave Cordero 0-0: Called Strike
0-1: Called Strike
0-2: Ball
1-2: Strikes out looking
Bottom of the 1st over - 0 runs, 2 hits, 0 errors, 2 left on base; Binghamton 2 - Fort Wayne 0
TOP OF THE 2ND
Binghamton Mets batting - Pitching for Fort Wayne TinCaps : LHP Juan Ramirez
Batting: RHB Jake Geib 0-0: Ground out 5-3 (Groundball, 56S, EV 83.8 MPH)
Batting: LHB Jeremy Moorehead 0-0: Ball
1-0: Ball
2-0: Called Strike
2-1: Called Strike
2-2: Foul Ball, location: 2F
2-2: Strikes out looking
Batting: RHB Mike Patterson 0-0: Swinging Strike
0-1: Ball
1-1: Called Strike
1-2: Ball
2-2: Fly out, F6 (Flyball, 56D, EV 80.6 MPH)
Top of the 2nd over - 0 runs, 0 hits, 0 errors, 0 left on base; Binghamton 2 - Fort Wayne 0
BOTTOM OF THE 2ND
Fort Wayne TinCaps batting - Pitching for Binghamton Mets : LHP David Salcido
Batting: RHB Steve Clark 0-0: Ball
1-0: Ball
2-0: Called Strike
2-1: Fly out, F7 (Flyball, 78S, EV 86.2 MPH)
Batting: RHB Paul Wood 0-0: Ball
1-0: Ball
2-0: Swinging Strike
2-1: Foul Ball, location: 2F
2-2: Strikes out swinging
Batting: RHB Sung-hwan Jung 0-0: Foul Ball, location: 2F
0-1: Ball
1-1: Called Strike
1-2: Strikes out swinging
Bottom of the 2nd over - 0 runs, 0 hits, 0 errors, 0 left on base; Binghamton 2 - Fort Wayne 0
TOP OF THE 3RD
Binghamton Mets batting - Pitching for Fort Wayne TinCaps : LHP Juan Ramirez
Batting: RHB Reginald McDougall 0-0: Ball
1-0: Called Strike
1-1: Ball
2-1: Fly out, F9 (Flyball, 89S, EV 94.4 MPH)
Batting: SHB Tyler Maddux 0-0: Ball
1-0: Ball
2-0: Ball
3-0: Base on Balls
Batting: SHB Nick Daigle 0-0: Ball
1-0: Foul Ball, location: 2F
1-1: Ball
2-1: Swinging Strike
2-2: Ball
3-2: Foul Ball, location: 2F
3-2: Ground out 6-3 (Groundball, 6, EV 106.2 MPH)
Tyler Maddux to second
Batting: RHB Oscar Bravo 0-0: Foul Ball, location: 2F
0-1: 2-RUN HOME RUN (Flyball, 7D, EV 98.1 MPH), Distance : 366 ft
Batting: RHB Enrique Aguirre 0-0: Ball
1-0: Ball
2-0: Fly out, F9 (Flyball, 89M, EV 85.0 MPH)
Top of the 3rd over - 2 runs, 1 hit, 0 errors, 0 left on base; Binghamton 4 - Fort Wayne 0
BOTTOM OF THE 3RD
Fort Wayne TinCaps batting - Pitching for Binghamton Mets : LHP David Salcido
Batting: RHB Slamet Pamungkas 0-0: Ball
1-0: Called Strike
1-1: Foul Ball, location: 2F
1-2: Strikes out swinging
Batting: RHB Cesar Ortega 0-0: Fly out, F7 (Flyball, 78D, EV 100.0 MPH)
Batting: RHB John Freeman 0-0: Ball
1-0: Ball
2-0: Ball
3-0: Base on Balls
Batting: RHB Jim Miske 0-0: Called Strike
0-1: Ball
1-1: Ball
2-1: Swinging Strike
2-2: Ball
3-2: Base on Balls
John Freeman to second
Batting: RHB Danny Krug 0-0: Ball
1-0: Ground out 4-3 (Groundball, 4D, EV 105.0 MPH)
Bottom of the 3rd over - 0 runs, 0 hits, 0 errors, 2 left on base; Binghamton 4 - Fort Wayne 0
TOP OF THE 4TH
Binghamton Mets batting - Pitching for Fort Wayne TinCaps : LHP Juan Ramirez
Batting: RHB Sam Callahan 0-0: Ball
1-0: Called Strike
1-1: Foul Ball, location: 2F
1-2: Ball
2-2: DOUBLE (Line Drive, 78D, EV 106.2 MPH)
Batting: RHB Jake Geib 0-0: Ball
Wild Pitch!
Sam Callahan to third
1-0: Swinging Strike
1-1: 2-RUN HOME RUN (Line Drive, 7D, EV 99.4 MPH), Distance : 385 ft
Pitching: RHP Jason Inman
Batting: LHB Jeremy Moorehead 0-0: Ball
1-0: Ball
2-0: Foul Ball, location: 2F
2-1: Ball
3-1: Fly out, F8 (Flyball, 8LM, EV 92.5 MPH)
Batting: RHB Mike Patterson 0-0: Ground out 6-3 (Groundball, 6, EV 91.2 MPH)
Batting: RHB Reginald McDougall 0-0: Ball
1-0: Ground out 5-3 (Groundball, 5, EV 108.1 MPH)
Top of the 4th over - 2 runs, 2 hits, 0 errors, 0 left on base; Binghamton 6 - Fort Wayne 0
BOTTOM OF THE 4TH
Fort Wayne TinCaps batting - Pitching for Binghamton Mets : LHP David Salcido
Batting: RHB Dave Cordero 0-0: Ball
1-0: Ball
2-0: Ball
3-0: Base on Balls
Batting: RHB Steve Clark 0-0: Swinging Strike
0-1: Ball
1-1: Ball
2-1: Called Strike
2-2: Strikes out swinging
Batting: RHB Paul Wood 0-0: Called Strike
0-1: Ball
1-1: Foul Ball, location: 2F
1-2: Ball
2-2: Strikes out swinging
Batting: RHB Sung-hwan Jung 0-0: Foul Ball, location: 2F
0-1: Ball
1-1: Ball
2-1: Foul Ball, location: 2F
2-2: Ball
3-2: Strikes out swinging
Bottom of the 4th over - 0 runs, 0 hits, 0 errors, 1 left on base; Binghamton 6 - Fort Wayne 0
TOP OF THE 5TH
Binghamton Mets batting - Pitching for Fort Wayne TinCaps : RHP Jason Inman
Batting: SHB Tyler Maddux 0-0: Ball
1-0: Called Strike
1-1: Swinging Strike
1-2: Foul Ball, location: 2F
1-2: Strikes out looking
Batting: SHB Nick Daigle 0-0: Ball
1-0: Ball
2-0: Called Strike
2-1: Swinging Strike
2-2: Ground out 5-3 (Groundball, 56S, EV 71.2 MPH)
Batting: RHB Oscar Bravo 0-0: Called Strike
0-1: Ball
1-1: Fly out, F9 (Flyball, 9, EV 87.5 MPH)
Top of the 5th over - 0 runs, 0 hits, 0 errors, 0 left on base; Binghamton 6 - Fort Wayne 0
BOTTOM OF THE 5TH
Fort Wayne TinCaps batting - Pitching for Binghamton Mets : LHP David Salcido
Batting: RHB Slamet Pamungkas 0-0: Fly out, F2 (Popup, 13S, EV 93.1 MPH)
Batting: RHB Cesar Ortega 0-0: Foul Ball, location: 2F
0-1: Foul Ball, location: 2F
0-2: Ball
1-2: SINGLE (Flyball, 56D, EV 90.6 MPH)
Batting: RHB John Freeman 0-0: Ball
1-0: Hit by Pitch
Cesar Ortega to second
Batting: RHB Jim Miske 0-0: SINGLE (Groundball, 56D, EV 108.8 MPH)
Cesar Ortega to third
John Freeman to second
Batting: RHB Danny Krug 0-0: Ball
1-0: Called Strike
1-1: Ball
2-1: Swinging Strike
2-2: Foul Ball, location: 2F
2-2: Ball
3-2: Base on Balls
Cesar Ortega scores
John Freeman to third
Jim Miske to second
Batting: RHB Dave Cordero 0-0: Called Strike
0-1: Foul Ball, location: 2F
0-2: Ball
1-2: Fly out, F7 (Flyball, 7, EV 71.2 MPH)
Runner from 3rd tags up, SCORES, throw by LF
Jim Miske to third
Batting: RHB Steve Clark 0-0: Ball
1-0: Foul Ball, location: 2F
1-1: Called Strike
1-2: 3-RUN HOME RUN (Flyball, 7LD, EV 92.5 MPH), Distance : 338 ft
Pitching: RHP Eddie Carrasco
Batting: RHB Paul Wood 0-0: Called Strike
0-1: Called Strike
0-2: SINGLE (Flyball, 9LS, EV 90.0 MPH)
Batting: RHB Sung-hwan Jung 0-0: Ball
1-0: Ball
2-0: Called Strike
2-1: SINGLE (Groundball, 34D, EV 104.4 MPH)
Paul Wood to second
Runner from 2nd tries for 3rd, SAFE, no throw by RF
Pinch Hitting: LHB Dean Luttman 0-0: Foul Ball, location: 2F
0-1: Ball
1-1: SINGLE (Groundball, 4MD, EV 104.4 MPH)
Paul Wood scores
Sung-hwan Jung to second
Batting: RHB Cesar Ortega 0-0: Fielders Choice at 2nd, 6-4 (Groundball, 6, EV 81.9 MPH)
Bottom of the 5th over - 6 runs, 6 hits, 0 errors, 2 left on base; Binghamton 6 - Fort Wayne 6
TOP OF THE 6TH
Binghamton Mets batting - Pitching for Fort Wayne TinCaps : RHP Jason Inman
Now at SS: Bill Vives
Batting: RHB Enrique Aguirre 0-0: Ball
1-0: Called Strike
1-1: Foul Ball, location: 2F
1-2: Foul Ball, location: 2F
1-2: Strikes out swinging
Batting: RHB Sam Callahan 0-0: Ball
1-0: Ball
2-0: Called Strike
2-1: Fly out, F8 (Flyball, 89M, EV 81.9 MPH)
Batting: RHB Jake Geib 0-0: Foul Ball, location: 2F
0-1: Foul Ball, location: 2F
0-2: Ball
1-2: Fly out, F3 (Popup, 3F, EV 81.9 MPH)
Top of the 6th over - 0 runs, 0 hits, 0 errors, 0 left on base; Binghamton 6 - Fort Wayne 6
BOTTOM OF THE 6TH
Fort Wayne TinCaps batting - Pitching for Binghamton Mets : RHP Eddie Carrasco
Batting: RHB John Freeman 0-0: Swinging Strike
0-1: Swinging Strike
0-2: Ball
1-2: Strikes out swinging
Batting: RHB Jim Miske 0-0: Ball
1-0: SINGLE (Line Drive, 89M, EV 92.5 MPH)
Batting: RHB Danny Krug 0-0: Ball
1-0: Grounds into double play, 4-6-3 (Groundball, 4S, EV 92.5 MPH)
Bottom of the 6th over - 0 runs, 1 hit, 0 errors, 0 left on base; Binghamton 6 - Fort Wayne 6
TOP OF THE 7TH
Binghamton Mets batting - Pitching for Fort Wayne TinCaps : RHP Jason Inman
Pitching: RHP Jason Barlow
Batting: LHB Jeremy Moorehead 0-0: Called Strike
0-1: Ball
1-1: Swinging Strike
1-2: Strikes out swinging
Batting: RHB Mike Patterson 0-0: Called Strike
0-1: Called Strike
0-2: Ball
1-2: Strikes out swinging
Batting: RHB Reginald McDougall 0-0: Hit by Pitch
Batting: SHB Tyler Maddux 0-0: Called Strike
Reginald McDougall steals 2nd base
0-1: Ball
Wild Pitch!
Reginald McDougall to third
1-1: Ball
2-1: Swinging Strike
2-2: Strikes out swinging
Top of the 7th over - 0 runs, 0 hits, 0 errors, 1 left on base; Binghamton 6 - Fort Wayne 6
BOTTOM OF THE 7TH
Fort Wayne TinCaps batting - Pitching for Binghamton Mets : RHP Eddie Carrasco
Pitching: RHP Leo Burgos
Batting: RHB Dave Cordero 0-0: Ball
1-0: Foul Ball, location: 2F
1-1: Ball
2-1: Foul Ball, location: 2F
2-2: Ball
3-2: Foul Ball, location: 2F
3-2: Strikes out looking
Batting: RHB Steve Clark 0-0: Ball
1-0: Ball
2-0: Fly out, F7 (Flyball, 78M, EV 78.8 MPH)
Batting: RHB Paul Wood 0-0: Ball
1-0: Foul Ball, location: 2F
1-1: Ground out U3 (Groundball, 3, EV 82.5 MPH)
Bottom of the 7th over - 0 runs, 0 hits, 0 errors, 0 left on base; Binghamton 6 - Fort Wayne 6
TOP OF THE 8TH
Binghamton Mets batting - Pitching for Fort Wayne TinCaps : RHP Jason Barlow
Batting: SHB Nick Daigle 0-0: Called Strike
0-1: Called Strike
0-2: Ball
1-2: Strikes out swinging
Batting: RHB Oscar Bravo 0-0: Called Strike
0-1: Foul Ball, location: 2F
0-2: Fly out, F8 (Flyball, 8RS, EV 83.8 MPH)
Batting: RHB Enrique Aguirre 0-0: Called Strike
0-1: Ball
1-1: Ball
2-1: Foul Ball, location: 2F
2-2: Foul Ball, location: 2F
2-2: Foul Ball, location: 2F
2-2: Fly out, F8 (Flyball, 8LM, EV 96.9 MPH)
Top of the 8th over - 0 runs, 0 hits, 0 errors, 0 left on base; Binghamton 6 - Fort Wayne 6
BOTTOM OF THE 8TH
Fort Wayne TinCaps batting - Pitching for Binghamton Mets : RHP Leo Burgos
Batting: RHB Sung-hwan Jung 0-0: Swinging Strike
0-1: Ball
1-1: Called Strike
1-2: Ground out 5-3 (Groundball, 56S, EV 69.4 MPH)
Pinch Hitting: LHB Tony Contreras 0-0: Called Strike
0-1: Foul Ball, location: 2F
0-2: Foul Ball, location: 2F
0-2: Ball
1-2: Foul Ball, location: 2F
1-2: Strikes out swinging
Batting: RHB Cesar Ortega 0-0: Ball
1-0: Fly out, F7 (Flyball, 78M, EV 81.2 MPH)
Bottom of the 8th over - 0 runs, 0 hits, 0 errors, 0 left on base; Binghamton 6 - Fort Wayne 6
TOP OF THE 9TH
Binghamton Mets batting - Pitching for Fort Wayne TinCaps : RHP Jason Barlow
Pitching: LHP Manny Santiago
Now at SS: Devon Dill
Batting: RHB Sam Callahan 0-0: SINGLE (Groundball, 4, EV 105.6 MPH)
Batting: RHB Jake Geib 0-0: Bunt missed!
0-1: Ball
1-1: Bunt missed!
1-2: DOUBLE (Flyball, 8LXD, EV 103.1 MPH)
Sam Callahan to third
Pinch Hitting: RHB Ryan Marler 0-0: Called Strike
0-1: Ball
1-1: Ball
2-1: Foul Ball, location: 2F
2-2: Ball
3-2: Strikes out swinging
Batting: RHB Mike Patterson 0-0: Foul Ball, location: 2F
0-1: Ball
1-1: Called Strike
1-2: Foul Ball, location: 2F
1-2: SINGLE (Groundball, P, EV 81.2 MPH) (infield hit)
Sam Callahan scores
Jake Geib to third
Batting: RHB Reginald McDougall 0-0: Called Strike
0-1: Ball
1-1: Foul Ball, location: 2F
1-2: Ball
2-2: 3-RUN HOME RUN (Flyball, 7D, EV 96.9 MPH), Distance : 363 ft
Pitching: RHP Matt Peck
Batting: SHB Tyler Maddux 0-0: Called Strike
0-1: Ball
1-1: Foul Ball, location: 2F
1-2: Ball
2-2: Ball
3-2: Strikes out looking
Batting: SHB Nick Daigle 0-0: Ball
1-0: Ground out 5-3 (Groundball, 56, EV 88.1 MPH)
Top of the 9th over - 4 runs, 4 hits, 0 errors, 0 left on base; Binghamton 10 - Fort Wayne 6
BOTTOM OF THE 9TH
Fort Wayne TinCaps batting - Pitching for Binghamton Mets : RHP Leo Burgos
Pitching: RHP Casey Cuomo
Now in LF: Gang-sheng Chew
Batting: RHB John Freeman 0-0: Ball
1-0: Swinging Strike
1-1: Foul Ball, location: 2F
1-2: Strikes out swinging
Batting: RHB Jim Miske 0-0: Ball
1-0: Ground out 6-3 (Groundball, 6, EV 80.6 MPH)
Batting: RHB Danny Krug 0-0: Swinging Strike
0-1: Swinging Strike
0-2: Ball
1-2: Ball
2-2: Ball
3-2: Foul Ball, location: 2F
3-2: SINGLE (Groundball, 56S, EV 99.4 MPH)
Batting: RHB Dave Cordero 0-0: Ball
1-0: Ball
2-0: Ball
3-0: Called Strike
3-1: SINGLE (Groundball, 56S, EV 96.9 MPH)
Danny Krug to second
Batting: RHB Steve Clark 0-0: Called Strike
0-1: SINGLE (Groundball, 6D, EV 94.4 MPH)
Danny Krug to third
Dave Cordero to second
Batting: RHB Paul Wood 0-0: Ball
1-0: Called Strike
1-1: Foul Ball, location: 2F
1-2: Ball
2-2: Hit by Pitch
Danny Krug scores
Dave Cordero to third
Steve Clark to second
Batting: RHB Sung-hwan Jung 0-0: Ball
Wild Pitch!
Dave Cordero scores
Steve Clark to third
Paul Wood to second
1-0: Foul Ball, location: 2F
1-1: Foul Ball, location: 2F
1-2: Ball
2-2: Ground out 5-3 (Groundball, 56S, EV 76.9 MPH)
Bottom of the 9th over - 2 runs, 3 hits, 0 errors, 2 left on base; Binghamton 10 - Fort Wayne 8
Sunday, July 16th , 2023 - OOTP Baseball 24.6 Build 69